 Dungeon Crawl Stone Soup version 0.30-a0-718-geaa24f58ff (webtiles) character file.

Game seed: 16920195187629630155

1037 voltaire321 the Poker (level 8, 0/61 HPs)
             Began as a Merfolk Gladiator on Jan 26, 2023.
             Was a Follower of the Shining One.
             Slain by a gnoll
             ... wielding a +0 spear
             ... led by a gnoll sergeant
              (2 damage)
             ... on level 5 of the Dungeon.
             The game lasted 00:12:15 (3512 turns).

voltaire321 the Poker (Merfolk Gladiator)           Turns: 3512, Time: 00:12:16

Health: 0/61       AC:  6    Str: 14    XL:     8   Next: 24%
Magic:  10/10      EV: 20    Int:  7    God:    the Shining One [*.....]
Gold:   149        SH:  0    Dex: 18    Spells: 7/7 levels left

rFire   . . .      SeeInvis .    a - +0 trident (venom)
rCold   . . .      Faith    .    (no shield)
rNeg    . . .      Spirit   .    b - +0 leather armour
rPois   .          Reflect  .    c - +1 helmet
rElec   .          Harm     .    (no cloak)
rCorr   .          Rampage  .    (no gloves)
Will    .....                    s - +0 pair of boots
Stlth   +                        g - amulet of regeneration
HPRegen 1.10/turn                y - +5 ring of evasion
MPRegen 0.12/turn                (no ring)

@: confused, lethally poisoned (0 -> -9), ambrosia-drunk, glowing
A: (nimble swimmer 2), mertail
a: Renounce Religion, Divine Shield


You were on level 5 of the Dungeon.
You worshipped the Shining One.
The Shining One was aware of your devotion.
You visited 1 branch of the dungeon, and saw 5 of its levels.

You collected 286 gold pieces.
You spent 137 gold pieces at shops.

Inventory:

Hand Weapons
 a - a +0 trident of venom (weapon)
Missiles
 d - 3 throwing nets
 e - a javelin
 n - 13 poisoned darts (quivered)
 A - 3 curare-tipped darts
Armour
 b - a +0 leather armour (worn)
 c - a +1 helmet (worn)
 s - a +0 pair of boots (worn)
Jewellery
 g - an amulet of regeneration (around neck)
 v - a ring of magical power
 y - a +5 ring of evasion (left hand)
 D - a ring of see invisible
Scrolls
 f - 3 scrolls of identify
 i - 2 scrolls of enchant armour
 l - 2 scrolls of blinking
 o - 2 scrolls of fear
 q - 2 scrolls of magic mapping
 r - 2 scrolls of teleportation
Potions
 h - a potion of mutation {unknown}
 k - a potion of lignification
 t - a potion of resistance {unknown}
 u - 2 potions of cancellation {unknown}
 w - 2 potions of attraction {unknown}
 x - a potion of haste
 z - a potion of invisibility {unknown}
 B - 2 potions of flight {unknown}


   Skills:
 + Level 4.7 Fighting
 + Level 6.5 Polearms
 + Level 4.4 Throwing
 + Level 2.7 Armour
 + Level 6.5 Dodging
 + Level 2.7 Invocations


You had 7 spell levels left.
You didn't know any spells.
Your spell library contained the following spells:

 Spells                   Type           Power      Damage    Failure   Level
 Apportation              Tloc           0%         N/A       50%         1
 Sting                    Tmut/Pois      0%         1d3       50%         1
 Sublimation of Blood     Necr           0%         N/A       65%         2
 Wereblood                Tmut           0%         N/A       65%         2
 Ignite Poison            Fire/Tmut/Pois 0%         N/A       86%         3
 Kindle Blastsparks       Fire/Tloc/Air  0%         2d10      86%         3
 Freezing Cloud           Conj/Ice/Air   0%         6-21      100%        5
 Summon Hydra             Summ           0%         N/A       100%        7


Dungeon Overview and Level Annotations

Branches:
Dungeon (5/15)
 Temple: D:4-7

Altars:
Ashenzari
Sif Muna
Trog
The Shining One

Shops:
D:1 (   D:2 ?


Innate Abilities, Weirdness & Mutations

((You are very nimble when in or above water. (Stealth+, EV+, Speed+++)))
Your lower body shifts to a powerful aquatic tail in water.


Message History

You barely miss the gnoll sergeant.
You feel very sick. The gnoll misses you. The gnoll sergeant misses you.
You hit the gnoll sergeant.
The gnoll sergeant is poisoned.
The gnoll sergeant is lightly wounded.
You feel very sick. The gnoll barely misses you.
The gnoll sergeant barely misses you.
You hit the gnoll sergeant.
The gnoll sergeant is lightly wounded.
You feel sick. The gnoll closely misses you.
The gnoll sergeant hits you with a +6 spear of venom!
* * * LOW HITPOINT WARNING * * *
You are lethally poisoned!
You puncture the gnoll sergeant!
The gnoll sergeant looks as sick as possible!
The gnoll sergeant is heavily wounded.
* * * LOW HITPOINT WARNING * * *
You feel extremely sick. The gnoll hits you with a +0 spear.
* * * LOW HITPOINT WARNING * * *
The gnoll sergeant hits you with a +6 spear of venom!
The Shining One protects you from harm!
Okay, then.
Throw: 13 darts (poison)
Press: ? - help, Q - select action, (/) - cycle Shift-Dir - straight line, f - gnoll sergeant
Aim: a gnoll sergeant, wielding a +6 spear of venom and wearing a +0 ring mail (heavily wounded, extremely poisoned, haloed, 87% to hit)
Okay, then.
You are confused.
You feel invigorated.
* * * LOW HITPOINT WARNING * * *
You feel very sick. The gnoll hits you but does no damage.
The gnoll sergeant barely misses you.
An ogre comes into view. It is wielding a +0 giant club.
You and your allies can now gain power from killing the unholy and evil.
You can now call upon the Shining One for a divine shield.
The gnoll attacks as you move away! The gnoll barely misses you.
* * * LOW HITPOINT WARNING * * *
You feel very sick.
The gnoll hits you from afar with a +0 spear.
You die...

**,,,,,,,..*,,*,,,,,,.#O,*..#**,,
*,,<,,,,,..###+###+###'###..#*,,,
**,,*,,,,...................#*,,,
*,,,*,,,,.......##..........#*,,,
**,****,,..................(#*,,.
*** *,,...................##...
**,*,,#.)g.g..........##...
*******##)####.......#...#
#)@#.#.............
#(...........##....
##.....#.....###...
#.....>#...........
##.....#...........
#..............##.
###............##.
#####........### ##........*#


You could see a gnoll sergeant (extremely poisoned) and a gnoll (very poisoned).

Vanquished Creatures
  Sigmund (D:2)
  An orc warrior (D:4)
  2 black bears (D:4)
  An ogre (D:4)
  A phantom (D:4)
  A bullfrog (D:4)
  A jelly (D:4)
  An orc priest (D:4)
  3 hounds
  Jessica (D:2)
  An orc wizard (D:4)
  6 gnolls
  2 adders (D:2)
  An ufetubus (D:4)
  3 worms
  3 dart slugs
  5 orcs
  7 ball pythons
  9 endoplasms
  2 giant cockroaches (D:2)
  3 goblins
  6 hobgoblins
  4 jackals (D:3)
  5 quokkas
  7 frilled lizards
  5 kobolds
  4 rats
86 creatures vanquished.

Vanquished Creatures (others)
  A bat (D:2)
1 creature vanquished.

Grand Total: 87 creatures vanquished

Notes
Turn   | Place    | Note
-------+----------+-------------------------------------------
     0 | D:1      | voltaire321 the Merfolk Gladiator began the quest for the
                  | Orb.
     0 | D:1      | Reached XP level 1. HP: 16/16 MP: 1/1
   205 | D:1      | Reached XP level 2. HP: 21/23 MP: 2/2
   390 | D:1      | Found Wekk's Weapon Boutique.
   627 | D:2      | Noticed Sigmund
   652 | D:2      | Killed Sigmund
   653 | D:2      | Reached skill level 5 in Polearms
   653 | D:2      | Reached skill level 1 in Armour
   653 | D:2      | Reached skill level 5 in Dodging
   653 | D:2      | Reached XP level 3. HP: 16/29 MP: 3/3
   653 | D:2      | Reached XP level 4. HP: 19/35 MP: 4/4
   653 | D:2      | Reached XP level 5. HP: 22/41 MP: 5/5
   776 | D:2      | Noticed Jessica
   785 | D:2      | Killed Jessica
   801 | D:2      | Reached XP level 6. HP: 21/47 MP: 6/6
  1279 | D:2      | Found Musu's Magic Scroll Emporium.
  1288 | D:2      | Bought a scroll of blinking for 82 gold pieces
  1288 | D:2      | Bought a scroll of teleportation for 33 gold pieces
  1288 | D:2      | Bought a scroll of identify for 22 gold pieces
  1781 | D:3      | Found a glowing golden altar of the Shining One.
  1812 | D:3      | Found a broken altar of Ashenzari.
  1833 | D:3      | Became a worshipper of the Shining One
  2617 | D:4      | Noticed a black bear
  2629 | D:4      | Killed a black bear
  2630 | D:4      | Reached skill level 1 in Invocations
  2630 | D:4      | Reached XP level 7. HP: 51/53 MP: 7/7
  2914 | D:4      | HP: 2/55 [orc warrior/+4 war axe (11)]
  2917 | D:4      | Reached XP level 8. HP: 6/61 MP: 9/9
  2991 | D:4      | Found a bloodstained altar of Trog.
  3003 | D:4      | Found a shimmering blue altar of Sif Muna.
  3010 | D:4      | Got Sif Muna's Vellum of the Hyperbolic Assassin
  3347 | D:5      | Entered Level 5 of the Dungeon
  3510 | D:5      | HP: 3/61 [poisoned by a gnoll sergeant]
  3510 | D:5      | The Shining One protects you from harm!
  3511 | D:5      | Reached * piety under the Shining One
  3512 | D:5      | Slain by a gnoll

Illustrated notes

Levels and vault maps discovered:
D:1:      moated_graveyard_arrival, layout_basic, serial_shops,
          nicolae_diamond_shop, chequers_serial_rivers_marsh,
          ebering_dispersal_statue_hall
D:2:      layout_loops_ring, serial_shops, shop, uniq_sigmund, uniq_jessica
D:3:      layout_rooms, nicolae_tso_swordbearing_angel,
          ashenzari_conservatory_becter, minivault_27, st_stairs_5
D:4:      cheibrodos_barr_body, layout_loops_corners,
          nzn_overflow_gifts_of_might_and_magic, minmay_misc_feat_x,
          chequers_jeans
D:5:      layout_cave_pools, mainiacjoe_overflow_24_doors, lemuel_doored_altar,
          nicolae_fountain_basement, uniq_crazy_yiuf_cottage

Skill      XL: |  1  2  3  4  5  6  7 |
---------------+----------------------+-----
Fighting       | 3 4 |  4.7
Polearms       | 5 6 |  6.5
Throwing       | 3 4 |  4.4
Armour         | 1 2 |  2.7
Dodging        | 5 6 |  6.5
Invocations    | 1 2 |  2.7

Action                     |  1- 3 |  4- 6 |  7- 9 || total
---------------------------+-------+-------+-------++-------
  Melee: Trident           |    59 |   159 |   107 ||   325
         Punch             |     1 |     3 |     2 ||     6
  Throw: Dart              |       |       |     4 ||     4
    Use: Potion            |     3 |       |     2 ||     5
         Scroll            |       |     2 |     8 ||    10
   Stab: Sleeping          |     1 |     1 |       ||     2
 Armour: Leather armour    |    11 |    22 |    19 ||    52
         Skin              |       |       |     1 ||     1
  Dodge: Dodged            |    44 |   101 |    96 ||   241

Table legend: (Time is in decaauts)
 A = Elapsed time spent in this place.
 B = Non-inter-level travel time spent in this place.
 C = Inter-level travel time spent in this place.
 D = Time resting spent in this place.
 E = Time spent auto-exploring this place.
 F = Levels seen in this place.
 G = Mean time per level.
                   A        B        C        D        E       F      G
               +--------+--------+--------+--------+--------+-----+--------+
         Total |   3502 |   3406 |     96 |    359 |   2126 |   5 |  700.4 |
       Dungeon |   3502 |   3406 |     96 |    359 |   2126 |   5 |  700.4 |
               +--------+--------+--------+--------+--------+-----+--------+

Top non-repeatable levels by time:
     D:4: 1101 daAuts
     D:2: 1042 daAuts
     D:1: 614 daAuts
     D:3: 579 daAuts
     D:5: 164 daAuts
